 Dungeon Crawl Stone Soup version 0.29.1-2-gbd0b4ee654 (webtiles) character file.

Game seed: 17808244427902181414

676 mcbry74 the Ruffian (level 7, -2/59 (67) HPs)
             Began as a Troll Fighter on Oct 28, 2022.
             Slain by a wight
             ... wielding a +4 falchion
              (9 damage)
             ... on level 5 of the Dungeon.
             The game lasted 00:08:05 (2534 turns).

mcbry74 the Ruffian (Troll Fighter)                 Turns: 2534, Time: 00:08:05

HP:   -2/59 (67)    AC:  4    Str: 25    XL:     7   Next: 33%
MP:   6/6           EV:  8    Int:  6    God:
Gold: 147           SH:  7    Dex:  9    Spells: 6/6 levels left

rFire   . . .      SeeInvis .     - Unarmed
rCold   . . .      Faith    .   b - +0 kite shield
rNeg    . . .      Spirit   .   a - +0 robe
rPois   .          Reflect  .   (helmet restricted)
rElec   .          Harm     .   (no cloak)
rCorr   .          Rampage  .   (gloves unavailable)
Will    .....                   (boots unavailable)
Stlth   +.........              (no amulet)
HPRegen 0.99/turn               (no ring)
MPRegen 0.10/turn               (no ring)

@: heavily drained
A: large, unfitting armour, claws 3, regeneration 1, shaggy fur 1, tough skin 1
a: no special abilities


You were on level 5 of the Dungeon.
You visited 1 branch of the dungeon, and saw 5 of its levels.

You collected 147 gold pieces.

Inventory:

Missiles
 j - 9 poisoned darts (quivered)
 u - 3 boomerangs of dispersal
Armour
 a - a +0 robe (worn)
 b - a +0 kite shield (worn)
Wands
 v - a wand of mindburst (19)
Scrolls
 g - 2 scrolls of poison {unknown}
 h - 2 scrolls of teleportation {unknown}
 k - a scroll of brand weapon {unknown}
 m - 2 scrolls of fog {unknown}
 n - a scroll of vulnerability {unknown}
 s - a scroll of noise {unknown}
 t - a scroll of enchant weapon {unknown}
 w - a scroll of immolation {unknown}
Potions
 c - a potion of might
 d - a potion of heal wounds {unknown}
 e - 3 potions of mutation {unknown}
 f - 2 potions of degeneration {unknown}
 i - a potion of attraction {unknown}
 l - a potion of ambrosia {unknown}
 o - 2 potions of curing {unknown}
 p - a potion of magic {unknown}
 q - a potion of berserk rage {unknown}
 r - 2 potions of haste {unknown}


   Skills:
 - Level 3.0 Fighting
 + Level 3.3 Throwing
 - Level 3.0 Dodging
 - Level 3.1 Shields
 * Level 6.3 Unarmed Combat


You had 6 spell levels left.
You didn't know any spells.
Your spell library contained the following spells:

 Spells                   Type           Power      Damage    Failure   Level
 Shock                    Conj/Air       0%         1d3       75%         1
 Summon Guardian Golem    Hex/Summ       0%         N/A       98%         3
 Swiftness                Air            0%         N/A       98%         3
 Airstrike                Air            0%         2d(0-16)  100%        4
 Dispersal                Tloc           0%         N/A       100%        6
 Orb of Destruction       Conj           0%         9d5       100%        7
 Spellforged Servitor     Conj/Summ      0%         N/A       100%        7
 Disjunction              Tloc           0%         N/A       100%        8


Dungeon Overview and Level Annotations

Branches:
Dungeon (5/15)
 Temple: D:4-7

Altars:
The Shining One


Innate Abilities, Weirdness & Mutations

You are too large for most types of armour.
You have claws for hands.
Your natural rate of healing is unusually fast.
You are covered in fur. (AC +1)
You have tough skin. (AC +1)


Message History

You completely miss the gnoll. The gnoll barely misses you.
A wight comes into view. It is wielding a +0 falchion.
You scratch the gnoll but do no damage. The gnoll closely misses you.
You claw the gnoll!
You kill the gnoll!
Something unseen opens the door.
You completely miss the wight.
A necrophage comes into view.
The wight hits you with a +4 falchion!
You feel drained.
You claw the wight!
The wight is severely damaged.
The wight hits you with a +4 falchion!
You barely miss the wight.
The wight is severely damaged.
A bullfrog zombie comes into view.
A scorpion zombie comes into view.
The wight barely misses you.
You closely miss the wight.
The wight is severely damaged.
The wight hits you with a +4 falchion.
You feel drained.
You scratch the wight but do no damage.
The wight is severely damaged.
You block the wight's attack.
You scratch the wight.
The wight is almost destroyed.
The wight hits you with a +4 falchion!
You completely miss the wight.
The wight is almost destroyed.
The wight hits you with a +4 falchion.
* * * LOW HITPOINT WARNING * * *
You feel drained.
* * * LOW HITPOINT WARNING * * *
You closely miss the wight.
The wight is almost destroyed.
The wight hits you with a +4 falchion!
* * * LOW HITPOINT WARNING * * *
You feel drained.
* * * LOW HITPOINT WARNING * * *
The wight attacks as you move away! The wight barely misses you.
The wight attacks as you move away! The wight hits you with a +4 falchion!
You die... #.# +.+ #.# +Z+

#n# #)# #z#
#z# #@# ##.#
#..#
#######.####
#....<.....##
............##
.............#
.............#
..>..........#


You could see a necrophage, 2 wights and a bullfrog zombie.

Vanquished Creatures
  A black bear (D:4)
  A phantom (D:4)
  A necrophage (D:4)
  3 scorpions (D:4)
  A hound (D:4)
  A jelly (D:4)
  2 iguanas
  An orc wizard (D:4)
  3 gnolls
  3 adders
  An ufetubus (D:4)
  3 worms
  2 dart slugs (D:2)
  8 orcs (D:4)
  4 ball pythons
  5 bats
  5 endoplasms
  2 giant cockroaches
  3 goblins
  7 hobgoblins
  6 jackals (D:2)
  A quokka (D:2)
  2 frilled lizards
  5 kobolds
  3 rats
74 creatures vanquished.

Vanquished Creatures (others)
  A plant (D:1)
1 creature vanquished.

Grand Total: 75 creatures vanquished

Notes
Turn   | Place    | Note
-------+----------+-------------------------------------------
     0 | D:1      | mcbry74 the Troll Fighter began the quest for the Orb.
     0 | D:1      | Reached XP level 1. HP: 22/22 MP: 0/0
   134 | D:1      | Reached XP level 2. HP: 29/29 MP: 1/1
   441 | D:1      | Found a faded altar of an unknown god.
   582 | D:2      | Reached XP level 3. HP: 34/36 MP: 2/2
   997 | D:2      | Reached skill level 3 in Unarmed Combat
  1267 | D:3      | Reached XP level 4. HP: 31/44 MP: 3/3
  1680 | D:4      | Noticed a necrophage
  1696 | D:4      | Killed a necrophage
  1697 | D:4      | Reached skill level 1 in Throwing
  1697 | D:4      | Reached XP level 5. HP: 43/53 MP: 4/4
  1782 | D:4      | Reached skill level 4 in Unarmed Combat
  1873 | D:4      | Reached XP level 6. HP: 61/61 MP: 5/5
  1992 | D:4      | Reached skill level 5 in Unarmed Combat
  2187 | D:4      | Found a glowing golden altar of the Shining One.
  2367 | D:4      | Reached XP level 7. HP: 61/67 MP: 6/6
  2391 | D:4      | Reached skill level 6 in Unarmed Combat
  2407 | D:4      | Identified the +6 falchion of the Known World {vorpal, rF++
                  | rN+}
  2490 | D:5      | Entered Level 5 of the Dungeon
  2534 | D:5      | Slain by a wight

Illustrated notes

Levels and vault maps discovered:
D:1:      lightli_arrival_statuegarden, layout_rooms,
          shapermc_ecumenical_altar_mp_urbaneastern, nicolae_grassy_gnolls
D:2:      layout_basic
D:3:      minmay_spotlight, layout_rooms
D:4:      layout_cave_pools, nicolae_tso_carved_into_rock
D:5:      layout_rooms, lemuel_mausoleum_altar_yredelemnul

Skill      XL: |  1  2  3  4  5  6  7 |
---------------+----------------------+-----
Shields        | 3 |  3.1
Unarmed Combat | 3 4 5 6 |  6.3
Fighting       | 3 |  3.0
Throwing       | 1 2 3 |  3.3
Dodging        | 3 |  3.0

Action                   |  1- 3 |  4- 6 |  7- 9 || total
-------------------------+-------+-------+-------++-------
Melee: Unarmed           |    91 |   131 |    29 ||   251
Throw: Dart              |       |     3 |       ||     3
Armor: Robe              |    21 |    30 |     1 ||    52
Dodge: Dodged            |    35 |    40 |     9 ||    84
Block: Kite shield       |    34 |    40 |     3 ||    77
